AoeStats
← nicolasbsl52

Nomad

510528995Analyzed
3v3 RM · 1d ago on Oct 1, 2026· 84m 38s· 6 players
Game mode
Random Map
Map size
210×210
Population
200
Speed
Normal
Resources
Standard
Victory
Conquest
Starting age
Dark Age
Ending age
Imperial Age
RankedLock teamsTeams togetherTeam positionsShared explorationLock speedFull tech treeHidden civsTurbo modeCheats
Victory
Defeat
🇮🇱 Sicilians · Israel
621
+6
🇨🇭 Romans · Switzerland
535
+8
🇯🇵 Spanish · Japan
475
+11
🇮🇳 Sicilians · India
414
-10
🇩🇰 Portuguese · Denmark
337
-8
🇫🇷 Franks · France
314
-7
Kadyan
18:26 Feudal Age
21:58 Wheelbarrow
21:18 Gold Mining
22:43 Scale Mail Armor
22:55 Forging
25:20 Fishing Lines
38:48 Castle Age
40:53 Iron Casting
40:34 Chain Mail Armor
44:06 Stone Mining
46:19 Gillnets
50:36 Imperial Age
50:40 Elite Serjeant
53:51 Hand Cart
53:21 Town Watch
53:22 Loom
59:07 Heavy Scorpion
THOR
19:08 Feudal Age
28:08 Castle Age
44:16 Imperial Age
43:25 Double-Bit Axe
53:29 Gold Mining
53:44 Husbandry
53:05 Cavalier
60:03 Scale Barding Armor
63:10 Chain Barding Armor
66:12 Chemistry
Valahryan
7:43 Loom
22:31 Feudal Age
23:05 Stone Mining
23:06 Double-Bit Axe
23:18 Gold Mining
28:44 Wheelbarrow
28:11 Arson
27:46 Man-at-Arms
33:29 Castle Age
34:29 Bow Saw
35:08 Gold Shaft Mining
34:59 Hand Cart
34:53 Husbandry
35:58 Squires
35:43 Gambesons
35:18 Long Swordsman
38:15 Padded Archer Armor
38:05 Fletching
38:25 Forging
38:16 Scale Mail Armor
38:22 Scale Barding Armor
45:01 Leather Archer Armor
44:41 Bodkin Arrow
48:36 Imperial Age
46:06 Ordonnance Companies
48:25 Fortified Wall
48:26 Masonry
48:36 Ballistics
48:54 Iron Casting
48:34 Chain Mail Armor
48:41 Chain Barding Armor
49:41 Conscription
49:57 Hoardings
49:00 Two-Handed Swordsman
51:23 Architecture
54:59 Cavalier
55:41 Cranequins
nicolasbsl52
15:50 Feudal Age
22:36 Horse Collar
22:47 Double-Bit Axe
22:48 Fishing Lines
26:38 Castle Age
26:18 Bloodlines
29:20 Man-at-Arms
30:06 Squires
29:31 Man-at-Arms
34:49 Loom
36:25 Long Swordsman
38:36 Gold Mining
38:37 Stone Mining
42:28 Wheelbarrow
45:31 Imperial Age
42:50 Town Watch
43:33 Forging
43:24 Scale Mail Armor
43:33 Scale Barding Armor
43:21 Fletching
43:32 Padded Archer Armor
45:41 Ballistas
46:27 Chain Mail Armor
46:48 Iron Casting
46:34 Chain Barding Armor
46:11 Bodkin Arrow
48:07 Bow Saw
48:07 Heavy Plow
47:33 Legionary
49:48 Heavy Scorpion
51:18 Conscription
50:36 Light Cavalry
51:18 Husbandry
51:39 Hand Cart
54:23 Crop Rotation
57:26 Capped Ram
59:46 Leather Archer Armor
60:32 Blast Furnace
68:46 Town Patrol
PremixedHail436
4:15 Loom
24:25 Feudal Age
25:55 Man-at-Arms
26:21 Arson
26:45 Horse Collar
27:13 Double-Bit Axe
32:07 Town Watch
35:58 Scale Mail Armor
38:40 Fletching
39:31 Gold Mining
40:36 Padded Archer Armor
40:43 Scale Barding Armor
42:42 Bloodlines
43:47 Wheelbarrow
45:08 Forging
52:44 Fishing Lines
58:13 Castle Age
61:39 Leather Archer Armor
61:39 Chain Mail Armor
61:21 Bodkin Arrow
61:40 Stone Mining
61:49 Long Swordsman
62:15 Gambesons
61:54 Elite Skirmisher
63:54 Iron Casting
63:33 Inquisition
65:21 Husbandry
67:07 Chain Barding Armor
66:26 Light Cavalry
67:08 Squires
67:57 Ballistics
67:29 Guard Tower
67:51 Gillnets
68:12 Medium Warships
68:29 Heavy Plow
69:08 Stone Shaft Mining
68:56 Hand Cart
69:29 Town Patrol
72:07 Masonry
71:53 Murder Holes
72:23 Sanctity
72:04 Devotion
72:15 Redemption
72:05 Atonement
72:02 Herbal Medicine
72:28 Heresy
72:20 Fervor
78:09 Imperial Age
79:40 Heavy Warships
80:23 Chemistry
79:09 Arrowslits
79:30 Siphons
79:46 Shipwright
79:37 Clinker Construction
79:38 Careening
79:58 Architecture
79:53 Block Printing
80:03 Illumination
80:15 Theocracy
79:09 Two-Handed Swordsman
80:23 Plate Mail Armor
80:23 Ring Archer Armor
79:54 Bracer
82:42 Elite Conquistador
83:58 Hoardings
82:53 Sappers
83:44 Supremacy
83:46 Conscription
84:37 Plate Barding Armor
85:03 Blast Furnace
83:28 Pikeman
83:32 Cavalier
84:21 Caravan
Flanker2020
12:07 Loom
12:19 Loom
17:34 Feudal Age
17:58 Horse Collar
18:03 Double-Bit Axe
21:31 Wheelbarrow
26:26 Gold Mining
29:31 Castle Age
27:34 Scale Mail Armor
27:39 Scale Barding Armor
26:59 Man-at-Arms
28:19 Forging
31:06 Bow Saw
31:34 Gold Shaft Mining
31:47 Hand Cart
32:44 Iron Casting
32:24 Chain Mail Armor
33:42 Town Watch
33:50 Gambesons
34:06 Squires
35:31 Heavy Plow
35:26 Stone Mining
40:56 Imperial Age
38:21 Pikeman
40:05 Stone Shaft Mining
39:48 Town Patrol
39:45 Long Swordsman
41:57 Halberdier
43:19 Conscription
43:37 Elite Serjeant
46:34 Hauberk
45:52 Two-Handed Swordsman
47:37 Blast Furnace
47:08 Plate Mail Armor
47:31 Crop Rotation
48:07 Fletching
48:17 Padded Archer Armor
48:13 Elite Skirmisher
48:16 Champion
48:59 Bodkin Arrow
49:49 Murder Holes
50:12 Masonry
51:04 Chemistry
51:31 Bracer
51:48 Leather Archer Armor
58:11 Scale Barding Armor
58:31 Ballistics
58:02 Heated Shot
58:20 Siege Engineers
58:01 Arrowslits
58:56 First Crusade
58:10 Sappers
59:16 Hoardings
74:59 Spies/Treason
79:01 Siphons
79:34 Clinker Construction
79:40 Medium Warships
78:56 Demolition Ship
81:23 Carvel Hull
81:15 Careening
81:27 Shipwright
81:52 Heavy Warships
80:49 Heavy Demolition Ship
84:05 Dry Dock
Connection lost

Rejoining the realm…

Still unreachable

The connection could not be restored.

Session expired

The server has moved on; the page needs a fresh start.